 Dungeon Crawl Stone Soup version 0.20.1-1-g8b1a95d (webtiles) character file.

9151 Vodalian the Spear-Bearer (level 11, -5/99 HPs)
             Began as a Minotaur Berserker on Oct 4, 2017.
             Was a High Priest of Trog.
             Shot with a bolt by a yaktaur (7 damage)
             ... on level 10 of the Dungeon on Oct 5, 2017.
             The game lasted 01:27:21 (7892 turns).

Vodalian the Spear-Bearer (Minotaur Berserker)      Turns: 7892, Time: 01:27:21

Health: -5/99      AC: 22    Str: 21    XL:     11   Next: 19%
Magic:  10/10      EV: 10    Int:  6    God:    Trog [*****.]
Gold:   463        SH:  4    Dex: 12    Spells: 10/10 levels left

rFire    . . .     SeeInvis .   a - +1 spear
rCold    . . .     Gourm    .   (no shield)
rNeg     . . .     Faith    .   w - +2 chain mail
rPois    .         Spirit   .   j - +2 hat
rElec    .         Reflect  +   (no cloak)
rCorr    +         Harm     .   t - +0 pair of gloves
MR       .....                  g - +0 pair of boots
Stlth    ..........             h - +4 amulet of reflection
Regen    0.3/turn               i - ring of resist corrosion
MPRegen  0.2/turn               m - ring of resist corrosion

@: berserk cooldown, slowed, very slow
A: retaliatory headbutt, horns 2, talons 1, rugged brown scales 1, slimy green
scales 1, clever 1, weak 1
a: Berserk, Trog's Hand, Brothers in Arms, Burn Spellbooks, Renounce Religion


You were on level 10 of the Dungeon.
You worshipped Trog.
Trog was extremely pleased with you.
You were near starving.

You visited 1 branch of the dungeon, and saw 10 of its levels.

You collected 463 gold pieces.

Inventory:

Hand Weapons
 a - a +1 spear (weapon)
 F - a +2 whip of flaming
 J - a +2 falchion of holy wrath
 R - a +1 morningstar
Armour
 g - a +0 pair of boots (worn)
 j - a +2 hat (worn)
 t - a +0 pair of gloves (worn)
 w - a +2 chain mail (worn)
Jewellery
 e - an uncursed amulet of rage
 h - a +4 amulet of reflection (around neck)
 i - a ring of resist corrosion (left hand)
 m - a ring of resist corrosion (right hand)
 n - an uncursed ring of wizardry
 r - an uncursed amulet of guardian spirit
 u - an uncursed amulet of rage
 L - an uncursed ring of see invisible
Wands
 b - a wand of iceblast (11/15)
 G - a wand of digging (10/24)
 M - a wand of disintegration (6/24)
 N - a wand of paralysis (21/24)
 O - a wand of paralysis (11/24)
Scrolls
 d - a scroll of magic mapping
 f - 7 scrolls of teleportation
 k - 2 scrolls of blinking
 l - a scroll of amnesia
 o - a scroll of immolation
 q - a scroll of vulnerability {unknown}
 s - 6 scrolls of identify
 y - 2 scrolls of remove curse
 H - 4 scrolls of enchant armour
 P - a scroll of enchant weapon
 S - 2 scrolls of fog
Potions
 p - a potion of lignification
 v - a potion of agility {unknown}
 z - a potion of haste {unknown}
 B - 2 potions of curing {unknown}
 C - 3 potions of heal wounds
 D - a potion of brilliance {unknown}
 E - a potion of might {unknown}
 I - a potion of flight {unknown}
 K - a potion of resistance
Miscellaneous
 Q - a phantom mirror
Comestibles
 c - 10 bread rations
 x - 4 royal jellies
 A - 8 meat rations


   Skills:
 + Level 9.6 Fighting
 + Level 13.4 Polearms
 + Level 11.7 Armour
 + Level 5.1 Dodging
 + Level 3.1 Stealth


You had 10 spell levels left.
You didn't know any spells.

Dungeon Overview and Level Annotations

Branches:
Dungeon (10/15)            Temple (0/1) D:6            Lair (0/6) D:9
    Orc: D:9-12

Altars:
Dithmenos
Fedhas
Kikubaaqudgha
Okawaru
Qazlal
Ru
Uskayaw

Shops:
D:7 *   D:8 [%


Innate Abilities, Weirdness & Mutations

You reflexively headbutt those who attack you in melee.
You have a pair of horns on your head.
You have sharp toenails.
You are partially covered in rugged brown scales. (AC +1, +3% HP)
You are partially covered in slimy green scales. (AC +2)
Your mind is acute. (Int +2)
You are weak. (Str -2)


Message History

You kill the wizard!
Trog accepts your kill.
Trog appreciates your killing of a magic user.
You feel much better.
The yaktaur shoots a bolt.
The bolt hits you!!
The yaktaur shoots a bolt.
The bolt hits you!
* * * LOW HITPOINT WARNING * * *
Things that are here:
a dagger; a robe; a human corpse The yaktaur shoots a bolt.
The bolt hits you.
* * * LOW HITPOINT WARNING * * *
You see here 3 bolts.
The yaktaur shoots a bolt.
The bolt hits you!
* * * LOW HITPOINT WARNING * * *
You see here a bolt.
Things that are here:
a short sword; a leather armour
Things that are here:
a short sword; 2 stones; 2 inedible chunks of flesh The yaktaur shoots a bolt.
The bolt hits you!
You die...

#.## ##.# #..#
#(## #.# #.# #.#
##)# #@)#
#######)######
##..<..#).....##
##.......(.......
.#.
#.......((.......
.....##
#......).........
.......
#................
......#
#......c.........
.....
#................
....


You could see a yaktaur.

Vanquished Creatures
  The ghost of raikaria the Charmwright, a journeyman DsVM of Kikubaaqudgha (D:10)
  A two-headed ogre (D:8)
  The ghost of gabygaby the Slinger, a novice HaAr of Elyvilon (D:9)
  A wizard (D:10)
  Pikel (D:7)
  A deep elf mage (D:10)
  The ghost of Thomus the Magician, a novice DsWz of Xom (D:6)
  A hippogriff (D:9)
  A wyvern (D:8)
  4 yaks (D:9)
  Grum (D:9)
  3 steam dragons (D:6)
  A hungry ghost (D:8)
  2 water moccasins
  An ice beast (D:8)
  A black bear (D:9)
  2 sky beasts
  2 orc warriors
  A slave (D:7)
  2 centaurs
  3 wolves (D:9)
  The ghost of rkd the Charmwright, an amateur MfSk (D:3)
  3 ogres
  2 big kobolds
  8 bullfrogs
  2 scorpions
  10 killer bees
  2 wights
  2 howler monkeys (D:8)
  A crimson imp (D:8)
  2 bullfrog zombies (D:8)
  4 jellies
  A centaur zombie (D:8)
  A hound (D:6)
  A quasit (D:10)
  5 orc priests
  A centaur skeleton (D:7)
  A bullfrog skeleton (D:4)
  2 iguanas
  6 worker ants
  8 orc wizards
  5 adders
  3 gnolls
  A shadow imp (D:9)
  3 oozes
  An adder skeleton (D:9)
  2 worms
  3 leopard geckos
  25 orcs
  4 ball pythons
  3 giant cockroaches
  8 goblins
  5 hobgoblins
  2 jackals (D:6)
  9 kobolds
  4 quokkas
  4 bats
  3 frilled lizards
  A jackal skeleton (D:4)
  A leopard gecko skeleton (D:4)
  9 rats
191 creatures vanquished.

Vanquished Creatures (others)
  2 slaves (D:7)
  Menkaure (D:7)
  A centaur (D:8)
  2 bullfrogs (D:7)
  An orc wizard (D:7)
  2 orcs (D:7)
  A kobold (D:6)
10 creatures vanquished.

Grand Total: 201 creatures vanquished

Notes
Turn   | Place    | Note
-------+----------+-------------------------------------------
     0 | D:1      | Vodalian the Minotaur Berserker began the quest for the Orb.
     0 | D:1      | Reached XP level 1. HP: 19/19 MP: 0/0
   240 | D:1      | Reached skill level 4 in Polearms
   678 | D:1      | Reached XP level 2. HP: 27/27 MP: 1/1
  1139 | D:2      | Reached XP level 3. HP: 33/33 MP: 2/2
  1435 | D:2      | Reached ** piety under Trog
  1635 | D:3      | Reached XP level 4. HP: 40/41 MP: 3/3
  1727 | D:3      | Reached skill level 5 in Polearms
  1904 | D:3      | Noticed rkd's ghost (amateur MfSk)
  1919 | D:3      | Killed rkd's ghost
  1919 | D:3      | Reached XP level 5. HP: 47/47 MP: 4/4
  2428 | D:4      | Found a shadowy altar of Dithmenos.
  2954 | D:4      | Reached skill level 6 in Polearms
  2954 | D:4      | Reached XP level 6. HP: 55/55 MP: 5/5
  3306 | D:5      | Entered Level 5 of the Dungeon
  3427 | D:5      | Reached skill level 5 in Fighting
  3641 | D:5      | Reached skill level 1 in Stealth
  3648 | D:5      | Found an ancient bone altar of Kikubaaqudgha.
  3649 | D:5      | Found a blossoming altar of Fedhas.
  4088 | D:6      | Reached skill level 5 in Armour
  4130 | D:6      | Found a sacrificial altar of Ru.
  4143 | D:6      | Reached XP level 7. HP: 61/61 MP: 6/6
  4184 | D:6      | Reached *** piety under Trog
  4184 | D:6      | Reached skill level 7 in Polearms
  4307 | D:6      | Noticed a steam dragon
  4308 | D:6      | Noticed a steam dragon
  4324 | D:6      | Killed a steam dragon
  4325 | D:6      | Killed a steam dragon
  4363 | D:6      | Noticed a steam dragon
  4365 | D:6      | Found a staircase to the Ecumenical Temple.
  4381 | D:6      | Killed a steam dragon
  4381 | D:6      | Reached skill level 8 in Polearms
  4381 | D:6      | Reached XP level 8. HP: 49/69 MP: 7/7
  4576 | D:6      | Noticed Thomus's ghost (novice DsWz)
  4605 | D:6      | Killed Thomus's ghost
  4605 | D:6      | Reached skill level 9 in Polearms
  5055 | D:7      | Noticed Pikel
  5079 | D:7      | Killed Pikel
  5079 | D:7      | Reached skill level 10 in Polearms
  5079 | D:7      | Reached XP level 9. HP: 75/75 MP: 8/8
  5157 | D:7      | Gained mutation: Potions are less effective at restoring your health. [mutagenic meat]
  5158 | D:7      | Gained mutation: You are partially covered in rugged brown scales. (AC +1, +3% HP) [mutagenic meat]
  5229 | D:7      | Killed Menkaure
  5350 | D:7      | Found Viushovu's Assorted Antiques.
  5447 | D:7      | Found a stormy altar of Qazlal.
  5567 | D:8      | Found Ziuleb's Antique Armour Boutique.
  5621 | D:8      | Reached skill level 11 in Polearms
  5683 | D:8      | Reached **** piety under Trog
  5727 | D:8      | Found a hide-covered altar of Uskayaw.
  5851 | D:8      | Found Qixku's Food Shoppe.
  6378 | D:8      | Reached XP level 10. HP: 64/88 MP: 9/9
  6379 | D:8      | Noticed a two-headed ogre
  6393 | D:8      | Killed a two-headed ogre
  6393 | D:8      | Reached skill level 12 in Polearms
  6452 | D:9      | Found a staircase to the Lair.
  6461 | D:9      | Noticed gabygaby's ghost (novice HaAr)
  6500 | D:9      | Killed gabygaby's ghost
  6500 | D:9      | Reached skill level 10 in Armour
  6503 | D:9      | Gained mutation: Your mind is acute. (Int +2) [mutagenic meat]
  6506 | D:9      | Gained mutation: You are partially covered in slimy green scales. (AC +2) [mutagenic meat]
  6518 | D:9      | Noticed Grum
  6535 | D:9      | Killed Grum
  6557 | D:9      | Reached ***** piety under Trog
  6579 | D:9      | Lost mutation: Potions are less effective at restoring your health. [potion of mutation]
  6579 | D:9      | Lost mutation: Your mind is acute. (Int +2) [potion of mutation]
  6579 | D:9      | Gained mutation: You have sharp toenails. [potion of mutation]
  6579 | D:9      | Gained mutation: You are weak. (Str -2) [potion of mutation]
  6579 | D:9      | Gained mutation: Your mind is acute. (Int +2) [potion of mutation]
  6762 | D:9      | Found an iron altar of Okawaru.
  6790 | D:9      | Reached skill level 13 in Polearms
  7559 | D:10     | Entered Level 10 of the Dungeon
  7809 | D:10     | Noticed raikaria's ghost (journeyman DsVM)
  7837 | D:10     | Noticed a deep elf mage
  7857 | D:10     | Killed raikaria's ghost
  7857 | D:10     | Reached skill level 5 in Dodging
  7857 | D:10     | Reached XP level 11. HP: 99/99 MP: 10/10
  7865 | D:10     | Killed a deep elf mage
  7870 | D:10     | Noticed a wizard
  7885 | D:10     | Killed a wizard
  7889 | D:10     | HP: 1/99 [yaktaur/bolt (15)]
  7892 | D:10     | Shot with a bolt by a yaktaur

Skill      XL: |  1  2  3  4  5  6  7  8  9 10 |
---------------+-------------------------------+-----
Polearms       | 4 5 6 8 10 11 13 | 13.4
Fighting       | 4 5 6 7 9 |  9.6
Armour         | 3 4 5 6 8 9 11 | 11.7
Dodging        | 3 4 5 |  5.1
Stealth        | 1 2 3 |  3.1

Action                   |  1- 3 |  4- 6 |  7- 9 | 10-12 || total
-------------------------+-------+-------+-------+-------++-------
Melee: Spear             |    76 |   136 |   334 |   272 ||   818
       Headbutt          |    15 |    18 |    65 |    62 ||   160
Invok: Berserk           |       |     2 |     6 |     3 ||    11
       Trog's Hand       |       |       |     1 |       ||     1
       Burn Spellbooks   |       |       |     3 |     1 ||     4
  Use: Scroll            |       |    13 |     3 |     1 ||    17
       Potion            |       |       |       |     7 ||     7
 Stab: Paralysed         |       |       |     2 |       ||     2
  Eat: Fruit             |     1 |       |     2 |       ||     3
       Chunk             |     1 |     5 |    12 |     4 ||    22
       Meat ration       |       |     1 |       |       ||     1
       Bread ration      |       |       |     1 |       ||     1
       Royal jelly       |       |       |       |     1 ||     1
Armor: Scale mail        |     7 |       |       |       ||     7
       Chain mail        |    15 |    50 |   147 |   100 ||   312
Dodge: Dodged            |    31 |    30 |   108 |    81 ||   250
Block: Other             |    20 |    18 |    46 |    27 ||   111
       Reflection        |     2 |       |     4 |     3 ||     9
